 Dungeon Crawl Stone Soup version 0.17-a0-1210-g1e4f09d (webtiles) character file.

629 Medar the Magician (level 7, 0/36 HPs)
             Began as a Deep Elf Wizard on June 4, 2015.
             Killed from afar by a white imp (4 damage)
             ... with a puff of frost
             ... summoned by Natasha
             ... on level 5 of the Dungeon.
             The game lasted 00:17:54 (5605 turns).

Medar the Magician (Deep Elf Wizard)                Turns: 5605, Time: 00:17:54

Health: 0/36       AC:  3    Str:  4    XL:     7   Next: 23%
Magic:  1/18       EV: 18    Int: 25    God:
Gold:   216        SH:  0    Dex: 18    Spells: 6 memorised, 5 levels left

rFire  . . .     SeeInvis .     a - +0 rapier
rCold  + . .     Clarity  +     A - +0 robe
rNeg   + . .     SustAt   .     (no shield)
rPois  .         Gourm    .     b - +0 hat
rElec  .         Spirit   .     (no cloak)
rCorr  .         Warding  +     j - +0 pair of gloves
rMut   .         Stasis   .     (no boots)
MR     .....                    x - amulet of warding
Stlth  ++++......               D - ring of protection from cold
                                E - ring of stealth

@: agile, repel missiles, not resistant to hostile enchantments, stealthy
A: talons 1, blurry vision 1, clarity
a: no special abilities


You were on level 5 of the Dungeon.
You were not hungry.

You visited 1 branch of the dungeon, and saw 5 of its levels.

You collected 216 gold pieces.

Inventory:

Hand weapons
 a - a +0 rapier (weapon)
 e - a +1 club
 r - a +1 short sword of flaming
 H - a +0 blowgun
Missiles
 p - 3 tomahawks (quivered)
 u - 4 silver tomahawks
 B - 16 poisoned needles
Armour
 b - a +0 hat (worn)
 j - a +0 pair of gloves (worn)
 A - a +0 robe (worn)
Jewellery
 o - an uncursed amulet of stasis
 x - an amulet of warding (around neck)
 D - a ring of protection from cold (right hand)
 E - a ring of stealth (left hand)
Magical devices
 y - a wand of frost (19)
Scrolls
 h - 2 scrolls of enchant weapon
 i - a scroll of teleportation
 k - a scroll of noise {unknown}
 l - a scroll of remove curse {@r1}
 n - a scroll of magic mapping {unknown}
 q - a scroll of random uselessness {unknown}
 v - a scroll of fear
 w - a scroll of blinking {unknown}
 G - 3 scrolls of amnesia {unknown}
Potions
 f - a potion of degeneration {unknown}
 g - a potion of ambrosia {unknown}
 s - 3 potions of magic
 t - a potion of poison {unknown}
 z - a potion of mutation {!q}
 C - a potion of curing {unknown}
Books
 c - a book of Minor Magic

   Spells                             Type                      Level
   a - Magic Dart                     Conjuration                  1
   b - Blink                          Translocation                2
   c - Call Imp                       Summoning                    2
   d - Repel Missiles                 Charms/Air                   2
   e - Slow                           Hexes                        2
   f - Conjure Flame                  Conjuration/Fire             3
   g - Mephitic Cloud                 Conjuration/Poison/Air       3
Comestibles
 d - 2 bread rations {@e1}
 I - 3 chunks of flesh


   Skills:
 - Level 2.4 Dodging
 - Level 2.4 Stealth
 + Level 6.4 Spellcasting
 * Level 5.3 Conjurations
 - Level 1.1 Charms
 - Level 2.5 Summonings
 - Level 2.9 Translocations
 - Level 1.4 Fire Magic
 - Level 2.2 Air Magic
 - Level 1.3 Poison Magic


You had 5 spell levels left.
You knew the following spells:

 Your Spells              Type           Power        Failure   Level  Hunger
d - Conjure Flame         Conj/Fire      ####....     6%          3    None
f - Mephitic Cloud        Conj/Pois/Air  ###.....     8%          3    None
r - Repel Missiles        Chrm/Air       ###...       8%          2    None
s - Call Imp              Summ           ###.....     4%          2    None
w - Blink                 Tloc           N/A          3%          2    None
x - Magic Dart            Conj           ####         1%          1    None


Dungeon Overview and Level Annotations

Branches:
Dungeon (5/15)
 Temple: D:4-7

Altars:
Nemelex Xobeh

Annotations:
D:5 Duvessa, Natasha


Innate Abilities, Weirdness & Mutations

You have sharp toenails.
Scrolls take you a little longer to read.
You possess an exceptional clarity of mind.


Message History

Duvessa burns you.
Your magical contamination has completely faded away.
Drink which item? (? for menu, Esc to quit)
Okay, then.
Drink which item? (? for menu, Esc to quit)
It was a potion of agility.
You feel agile all of a sudden.
You feel less confused.
Duvessa hits you with a short sword of flaming.
* * * LOW HITPOINT WARNING * * *
Duvessa burns you.
* * * LOW HITPOINT WARNING * * *
Natasha zaps a wand.
You easily resist.
Drink which item? (? for menu, Esc to quit)
Okay, then.
Casting: Magic Dart
Confirm with . or Enter, or press ? or * to list all spells.
You blink.
The white imp gestures at you. The puff of frost hits you! You resist.
You die...

.###.......#....##.......##
..........##....###.#.....#
................. #####...#
..##..........5# #...#
..##........h..## ##...#
.......##....(..### ##...##
...>...# .##......###...##
....# #...5..§.....# .....
#...>@.e.....# .....
.......#.....#..# ..#..
###...##†...####.# .....
#...###....# #.# .....
#...........# #.# .....
..........#..# #. .....
........#.##.# ..$..
......#####.# ..... ... #..


You could see Duvessa, Natasha, a crimson imp and a white imp.

Vanquished Creatures
  Dowan (D:5)
  4 orc wizards
  A centaur zombie (D:5)
  An orc priest (D:4)
  A hound (D:4)
  4 worker ants
  Natasha (twice) (D:3)
  2 iguanas (D:4)
  3 gnolls
  5 adders
  An ooze (D:1)
  A worm (D:3)
  7 giant geckos
  6 orcs
  5 ball pythons
  7 bats
  A bat zombie (D:5)
  3 giant cockroaches
  6 goblins
  14 hobgoblins
  17 kobolds
  4 quokkas
  4 giant newts
  3 jackals (D:1)
  16 rats
119 creatures vanquished.

Vanquished Creatures (collateral kills)
  A jackal (D:1)
1 creature vanquished.

Vanquished Creatures (others)
  A crimson imp (D:3)
1 creature vanquished.

Grand Total: 121 creatures vanquished

Notes
Turn   | Place    | Note
--------------------------------------------------------------
     0 | D:1      | Medar the Deep Elf Wizard began the quest for the Orb.
     0 | D:1      | Reached XP level 1. HP: 10/10 MP: 7/7
   144 | D:1      | Reached XP level 2. HP: 7/15 MP: 0/9
   278 | D:1      | Learned a level 2 spell: Call Imp
   842 | D:1      | Reached XP level 3. HP: 19/19 MP: 7/10
  1353 | D:2      | Found a sparkling altar of Nemelex Xobeh.
  1470 | D:2      | Learned a level 2 spell: Blink
  1473 | D:2      | Learned a level 2 spell: Repel Missiles
  1477 | D:2      | Learned a level 3 spell: Conjure Flame
  1684 | D:2      | Reached XP level 4. HP: 24/24 MP: 7/12
  2011 | D:3      | Noticed Natasha
  2267 | D:4      | Reached skill level 1 in Fire Magic
  2272 | D:4      | Reached skill level 1 in Charms
  2374 | D:4      | Reached XP level 5. HP: 28/28 MP: 12/14
  2418 | D:3      | Killed Natasha
  2435 | D:3      | Noticed Natasha
  2437 | D:3      | Killed Natasha
  3049 | D:3      | Learned a level 3 spell: Mephitic Cloud
  3074 | D:4      | Reached skill level 5 in Spellcasting
  3074 | D:4      | Reached skill level 1 in Air Magic
  3291 | D:4      | Reached XP level 6. HP: 32/32 MP: 1/15
  3446 | D:3      | Reached skill level 1 in Poison Magic
  4794 | D:5      | Entered Level 5 of the Dungeon
  4916 | D:5      | Reached skill level 6 in Spellcasting
  4986 | D:5      | Noticed Duvessa
  5005 | D:5      | Noticed Dowan
  5262 | D:4      | Reached XP level 7. HP: 36/36 MP: 14/18
  5367 | D:5      | Killed Dowan
  5367 | D:5      | Reached skill level 5 in Conjurations
  5592 | D:5      | Noticed Natasha
  5602 | D:5      | Gained mutation: You possess an exceptional clarity of mind. [potion of mutation]
  5602 | D:5      | Gained mutation: Scrolls take you a little longer to read. [potion of mutation]
  5602 | D:5      | Gained mutation: You have sharp toenails. [potion of mutation]
  5605 | D:5      | Killed from afar by a white imp

Vault maps used:
D:1:      denvon_arrival_planthouse, grunt_decor_one_mirror
D:2:      nemelex_diamond_rough_becter
D:3:      serial_glass, glass_columns_a, glass_columns_b, glass_columns_a,
          glass_columns_b, glass_columns_b, glass_columns_a, glass_columns_b,
          glass_columns_a, uniq_natasha
D:4:      minmay_misc_feat_tower
D:5:      first_bread, nicolae_ru_great_annihilating_truth, uniq_duvessa

Action                   |  1- 3 |  4- 6 |  7- 9 || total
-------------------------+-------+-------+-------++-------
Melee: Club              |    12 |       |       ||    12
       Rapier            |       |     5 |     6 ||    11
Throw: Tomahawk          |       |     1 |     2 ||     3
 Cast: Magic Dart        |    92 |   196 |    34 ||   322
       Call Imp          |     2 |     4 |       ||     6
       Repel Missiles    |       |     2 |       ||     2
       Mephitic Cloud    |       |     9 |     4 ||    13
       Blink             |       |       |     1 ||     1
  Use: Scroll            |       |     8 |       ||     8
       Potion            |       |       |     3 ||     3
 Stab: Distracted        |     1 |       |       ||     1
  Eat: Chunk             |     2 |     9 |       ||    11
       Beef jerky        |       |     1 |     1 ||     2
